 Dungeon Crawl Stone Soup version 0.22.1-5-g62c59d919a (webtiles) character file.

196 Honti the Digger (level 5, -1/28 HPs)
             Began as a Gargoyle Earth Elementalist on Jan 8, 2019.
             Slain by a killer bee (5 damage)
             ... on level 3 of the Dungeon.
             The game lasted 00:17:14 (3252 turns).

Honti the Digger (Gargoyle Earth Elementalist)      Turns: 3252, Time: 00:17:14

Health: -1/28      AC:  7    Str: 12    XL:     5   Next: 74%
Magic:  7/9        EV: 12    Int: 16    God:
Gold:   139        SH:  0    Dex: 10    Spells: 6/10 levels left

rFire    . . .     SeeInvis .   o - staff of poison
rCold    . . .     Gourm    .   (no shield)
rNeg     + + .     Faith    .   c - +0 robe
rPois    ∞         Spirit   .   (no helmet)
rElec    +         Reflect  .   (no cloak)
rCorr    .         Harm     .   s - +0 pair of gloves
MR       .....                  (no boots)
Stlth    ++........             a - amulet of regeneration
HPRegen  0.49/turn              l - ring of wizardry
MPRegen  0.11/turn              r - ring of positive energy

@: no status effects
A: negative energy resistance 1, electricity resistance, unbreathing,
petrification resistance, rot immunity, AC +4
a: no special abilities


You were on level 3 of the Dungeon.
You were not hungry.

You visited 1 branch of the dungeon, and saw 3 of its levels.

You collected 139 gold pieces.

Inventory:

Armour
 c - a +0 robe (worn)
 s - a +0 pair of gloves (worn)
Magical Staves
 o - an uncursed staff of poison (weapon)
Jewellery
 a - an amulet of regeneration (around neck)
 l - a ring of wizardry (left hand)
 r - a ring of positive energy (right hand)
 u - a cursed ring of attention {unknown}
Scrolls
 g - 2 scrolls of teleportation {unknown}
 h - 3 scrolls of identify {unknown}
 i - 2 scrolls of remove curse {unknown}
 k - 2 scrolls of amnesia {unknown}
 m - a scroll of blinking {unknown}
 n - a scroll of immolation {unknown}
Potions
 e - a potion of brilliance {unknown}
 f - a potion of cancellation {unknown}
 j - a potion of lignification {unknown}
 p - a potion of berserk rage {unknown}
 q - a potion of resistance {unknown}
 t - a potion of invisibility {unknown}
Comestibles
 d - a ration


   Skills:
 - Level 1.5 Dodging
 - Level 2.1 Stealth
 + Level 3.2 Spellcasting
 * Level 2.1 Conjurations
   Level 0.7 Transmutations
 * Level 6.1 Earth Magic


You had 6 spell levels left.
You knew the following spells:

 Your Spells              Type           Power        Failure   Level  Hunger
a - Sandblast             Erth           ###...       1%          1    None
b - Stone Arrow           Conj/Erth      ###...       4%          3    ###....

Your spell library contained the following spells:

 Spells                   Type           Power        Failure   Level  Hunger
 Passwall                 Tmut/Erth      ##......     2%          2    ##.....
 Lee's Rapid Deconstruct  Erth           ###.......   16%         5    ######.
 Petrify                  Tmut/Erth      ##......     17%         4    ####...


Dungeon Overview and Level Annotations

Branches:
Dungeon (3/15)

Altars:

Annotations:
D:2 Purgy
D:3 1 runed door


Innate Abilities, Weirdness & Mutations

You are resistant to torment.
Your stone body is resilient. (AC +4)
You are immune to poison.
You resist negative energy. (rN+)
You are resistant to electric shocks. (rElec)
You can survive without breathing.
You are immune to petrification.
You are immune to rotting.


Message History

The killer bee stings you but does no damage.
The killer bee barely misses you. The killer bee closely misses you.
The killer bee stings you.
* * * LOW HITPOINT WARNING * * *
The killer bee stings you.
* * * LOW HITPOINT WARNING * * *
The killer bee misses you. The killer bee closely misses you.
The killer bee stings you.
* * * LOW HITPOINT WARNING * * *
The killer bee completely misses you.
The killer bee stings you but does no damage.
The killer bee stings you but does no damage.
It was a potion of curing.
You feel better. The killer bee closely misses you. The killer bee stings you.
* * * LOW HITPOINT WARNING * * *
The killer bee stings you.
* * * LOW HITPOINT WARNING * * *
The killer bee barely misses you. The killer bee stings you.
You die...

......#.# #..###..#......###.....
....#.#.###..##..............#...
....#.#..##..#....#......###.....
....#.##.##..................#...
....#.............#.......##.####
#######.........#.#....>.###.# #
##....................>..###.####
......####..#..yy###.............
....### #.....#.@####..#####.#...
.#.######...####.......#####...##
.#.##......###.......#........###
..(...#####....#####.#..####....#
##.....##...#####...............#
####......###......<............#
####.......y..####..............#
#........###### #..............#
..##...(.# #..............#


You could see 2 killer bees.

Vanquished Creatures
  A killer bee (D:3)
  A hound (D:3)
  Jessica (D:3)
  A worker ant (D:3)
  An ooze (D:3)
  4 dart slugs
  A worm (D:3)
  4 leopard geckos
  5 orcs (D:3)
  3 giant cockroaches
  6 goblins
  6 hobgoblins
  A quokka (D:2)
  8 bats
  6 frilled lizards
  4 rats
53 creatures vanquished.

Notes
Turn   | Place    | Note
-------+----------+-------------------------------------------
     0 | D:1      | Honti the Gargoyle Earth Elementalist began the quest for
                  | the Orb.
     0 | D:1      | Reached XP level 1. HP: 10/10 MP: 3/3
   109 | D:1      | Reached skill level 4 in Earth Magic
   138 | D:1      | Reached XP level 2. HP: 15/15 MP: 0/5
   487 | D:1      | Reached XP level 3. HP: 19/19 MP: 3/6
  1291 | D:2      | Reached skill level 5 in Earth Magic
  1851 | D:3      | Noticed a killer bee
  1905 | D:3      | Reached XP level 4. HP: 16/24 MP: 2/8
  1977 | D:3      | Found a runed door.
  2011 | D:3      | Noticed Purgy
  2107 | D:3      | Learned a level 3 spell: Stone Arrow
  2271 | D:3      | Noticed Jessica
  2277 | D:3      | Killed Jessica
  2390 | D:3      | Reached skill level 1 in Conjurations
  2390 | D:3      | Reached XP level 5. HP: 28/28 MP: 1/9
  3190 | D:3      | Reached skill level 6 in Earth Magic
  3252 | D:3      | Slain by a killer bee

Skill      XL: |  1  2  3  4  5 |
---------------+----------------+-----
Earth Magic    | 4 5 6 |  6.1
Spellcasting   | 3 |  3.2
Conjurations   | 1 2 |  2.1
Dodging        | |  1.5
Stealth        | |  2.1
Transmutations | |  0.7

Action                   |  1- 3 |  4- 6 || total
-------------------------+-------+-------++-------
Melee: Staff             |       |     6 ||     6
 Cast: Sandblast         |    59 |    14 ||    73
       Stone Arrow       |       |    20 ||    20
  Use: Potion            |       |     1 ||     1
  Eat: Chunk             |     1 |     4 ||     5
       Ration            |     1 |     1 ||     2
Armor: Robe              |     8 |    59 ||    67
Dodge: Dodged            |    11 |    94 ||   105
